[Event "Titled Tuesday Blitz June 6 Late 2023"]
[White "Szyszylo, Rafal"]
[Black "Sun, Rick"]
[WhiteFideId "1109626"]
[BlackFideId "30909481"]
[WhiteElo "1951"]
[BlackElo "2169"]
[Result "1/2-1/2"]
[Round "2"]
[TimeControl "180+2"]
[Date "2023.06.07"]
[WhiteClock "0:00:42"]
[BlackClock "0:00:54"]
[Board "114"]

1. e4 d6 2. d4 Nf6 3. Nc3 Nbd7 4. Be3 e5 5. f3 Be7 6. Qd2 c6 7. g4 b5 8. h4 exd4 9. Bxd4 b4 10. Nce2 c5 11. Be3 Ne5 12. Ng3 Be6 13. Bb5+ Nfd7 14. Nf5 Bxf5 15. gxf5 Bxh4+ 16. Bf2 Bxf2+ 17. Qxf2 Qb6 18. Bxd7+ Nxd7 19. O-O-O O-O-O 20. Qg3 Ne5 21. f4 Nc4 22. b3 Na3 23. Qxg7 c4 24. Qd4 Qc6 25. Qd5 Qb6 26. Qd4 Qc6 27. Qd5 Qb6 28. Qd4 1/2-1/2


[Site "https://www.chess.com"]

[Event "Titled Tuesday Blitz June 6 Late 2023"]
[White "Can, Melih Kaan"]
[Black "Lizak, Peter"]
[WhiteFideId "6317383"]
[BlackFideId "731595"]
[WhiteElo "2010"]
[BlackElo "2420"]
[Result "1-0"]
[Round "2"]
[TimeControl "180+2"]
[Date "2023.06.07"]
[WhiteClock "0:00:03"]
[BlackClock "0:00:01"]
[Board "115"]

1. e4 c6 2. g3 d5 3. Nc3 dxe4 4. Nxe4 Nf6 5. Nxf6+ exf6 6. Bg2 Bc5 7. Ne2 O-O 8. O-O Re8 9. d4 Bb6 10. h3 Nd7 11. c4 Nf8 12. Be3 Bf5 13. Rc1 Be4 14. Qb3 Bxg2 15. Kxg2 Qd7 16. Rfd1 Rad8 17. c5 Ba5 18. Qa4 Qd5+ 19. Kg1 Bc7 20. Qxa7 Qf3 21. Qxb7 Ne6 22. Rd2 h5 23. Rc3 Qd5 24. Qb3 Qf5 25. Kg2 Qe4+ 26. f3 Qg6 27. d5 Bxg3 28. Nxg3 h4 29. dxe6 Qxg3+ 30. Kf1 Qxf3+ 31. Ke1 Qh1+ 32. Ke2 Rxd2+ 33. Kxd2 Rxe6 34. Qb8+ Kh7 35. Qf4 Qg2+ 36. Bf2 Re4 37. Qf5+ Kg8 38. Rd3 Re8 39. Re3 Rd8+ 40. Rd3 Re8 41. Kc3 Qf1 42. Rd2 Qb5 43. b4 Qa4 44. Qc2 Qa3+ 45. Qb3 Qa6 46. a4 Qf1 47. b5 Qxh3+ 48. Kb4 Re4+ 49. Ka3 Qc8 50. b6 Re7 51. Rb2 Qb7 52. Bd4 h3 53. Bc3 Re3 54. Rh2 1-0


[Site "https://www.chess.com"]

[Event "Titled Tuesday Blitz June 6 Late 2023"]
[White "Veiga, Jose Francisco R P Neves"]
[Black "Ozalp, Burak"]
[WhiteFideId "1930087"]
[BlackFideId "6314210"]
[WhiteElo "2319"]
[BlackElo "2106"]
[Result "1-0"]
[Round "2"]
[TimeControl "180+2"]
[Date "2023.06.07"]
[WhiteClock "0:01:36"]
[BlackClock "0:00:21"]
[Board "116"]

1. e4 c5 2. Nf3 e6 3. d4 cxd4 4. Nxd4 Nc6 5. Nc3 Qc7 6. g3 Nf6 7. Bg2 a6 8. O-O Nxd4 9. Qxd4 Bc5 10. Qd3 d6 11. Bf4 O-O 12. Rad1 e5 13. Be3 Be6 14. Bxc5 dxc5 15. f4 Bg4 16. Qd6 Qxd6 17. Rxd6 exf4 18. gxf4 Rad8 19. Rxd8 Rxd8 20. e5 Nh5 21. Bxb7 Rd2 22. Be4 f5 23. Bd3 Bh3 24. Rf2 Rxf2 25. Kxf2 Nxf4 26. Bc4+ Kf8 27. Na4 Ng6 28. e6 f4 29. Nxc5 Ne5 30. Bxa6 g5 31. Be2 Ke7 32. a4 Kd6 33. Ne4+ 1-0


[Site "https://www.chess.com"]

[Event "Titled Tuesday Blitz June 6 Late 2023"]
[White "Saveliev, Alexei"]
[Black "Amanov, Zhanibek"]
[WhiteFideId "24128546"]
[BlackFideId "13700189"]
[WhiteElo "2271"]
[BlackElo "2134"]
[Result "0-1"]
[Round "2"]
[TimeControl "180+2"]
[Date "2023.06.07"]
[WhiteClock "0:00:50"]
[BlackClock "0:00:24"]
[Board "117"]

1. c4 c6 2. Nc3 d5 3. cxd5 cxd5 4. d4 Nf6 5. Nf3 Nc6 6. Bg5 e6 7. e3 Be7 8. Bd3 O-O 9. O-O b6 10. Rc1 Bb7 11. Bb1 h6 12. Bh4 Na5 13. Qd3 Ne4 14. Bxe7 Qxe7 15. Ne5 Rfc8 16. f3 Nf6 17. Ng4 Nc4 18. b3 Nd6 19. Nxf6+ Qxf6 20. Qh7+ Kf8 21. Ne2 Nf5 22. Bxf5 exf5 23. Nf4 Ke7 24. Rxc8 Rxc8 25. h4 g5 26. hxg5 hxg5 27. Nh5 Qg6 28. Qxg6 fxg6 29. Ng3 Ba6 30. Rf2 Rc3 31. e4 dxe4 32. fxe4 Rxg3 33. exf5 gxf5 34. Rxf5 Bb7 35. d5 Kd6 36. Kh2 Rg4 37. Kh3 Rd4 38. Rxg5 Bxd5 39. Rg7 a5 40. g4 Rd2 41. a3 Rd3+ 42. Kh4 Rxb3 43. g5 Rxa3 44. Ra7 Be6 45. g6 Rh3+ 46. Kg5 Rh1 47. Kf6 Rf1+ 48. Kg5 Bd7 49. Kh6 Rh1+ 50. Kg5 a4 51. g7 Rg1+ 52. Kf6 b5 53. Kf7 Be6+ 54. Kf6 Bc4 55. Ra8 Kc5 56. Ra7 Kb4 57. Ke5 a3 58. Kd4 a2 59. Ke3 a1=Q 60. Rxa1 Rxa1 61. Kf2 Bg8 62. Ke2 Ra6 63. Kd2 Rc6 64. Kd3 Ka5 65. Ke4 Kb6 66. Kd4 b4 67. Ke5 b3 68. Kd4 b2 69. Ke5 b1=Q 70. Kd4 Qb4+ 71. Ke3 Rc3+ 72. Kd2 Qb2+ 0-1


[Site "https://www.chess.com"]

[Event "Titled Tuesday Blitz June 6 Late 2023"]
[White "Belov, Alexei"]
[Black "MrAnnihilation"]
[WhiteFideId "4128206"]
[WhiteElo "2646"]
[BlackElo "2398"]
[Result "1-0"]
[Round "2"]
[TimeControl "180+2"]
[Date "2023.06.07"]
[WhiteClock "0:00:47"]
[BlackClock "0:00:04"]
[Board "118"]

1. e4 d6 2. d4 Nf6 3. Nc3 e5 4. Nf3 Nbd7 5. Bc4 Be7 6. O-O O-O 7. a4 c6 8. Ba2 b6 9. Qe2 a6 10. Rd1 Qc7 11. Nh4 exd4 12. Rxd4 Nc5 13. Rd1 a5 14. f3 Re8 15. Qf2 g6 16. Qg3 Nh5 17. Qf2 Be6 18. Be3 Bxa2 19. Rxa2 Rad8 20. g4 Ng7 21. Ng2 g5 22. Raa1 Nge6 23. h4 h6 24. h5 Bf6 25. Kh1 Be5 26. Rd2 Qe7 27. Ne2 Qf6 28. c3 Nb3 29. Rad1 Nxd2 30. Rxd2 Nc5 31. Nd4 Rc8 32. b3 Kh7 33. Rb2 d5 34. exd5 cxd5 35. Ne1 Kh8 36. Rb1 Ne6 37. Nd3 Rxc3 38. Nxe5 1-0


[Site "https://www.chess.com"]

[Event "Titled Tuesday Blitz June 6 Late 2023"]
[White "Bjelobrk, Igor"]
[Black "The_Straightforward_Rook"]
[WhiteFideId "4300726"]
[WhiteElo "2319"]
[BlackElo "2394"]
[Result "1-0"]
[Round "2"]
[TimeControl "180+2"]
[Date "2023.06.07"]
[WhiteClock "0:01:05"]
[BlackClock "0:01:21"]
[Board "119"]

1. d4 Nf6 2. c4 e6 3. g3 Bb4+ 4. Bd2 a5 5. Bg2 O-O 6. Nf3 d5 7. O-O dxc4 8. Qc2 Bxd2 9. Nbxd2 b5 10. a4 c6 11. b3 cxb3 12. Nxb3 Ba6 13. Rfc1 bxa4 14. Nc5 Bb5 15. e3 Nd5 16. h4 Na6 17. Nxa4 Nab4 18. Qd2 f6 19. Nc5 Qe7 20. e4 Nb6 21. h5 Rfd8 22. h6 Nc4 23. Qc3 gxh6 24. Bh3 e5 25. Be6+ Kh8 26. Bxc4 exd4 27. Nxd4 Qxc5 28. Nxb5 cxb5 29. Qxf6# 1-0


[Site "https://www.chess.com"]

[Event "Titled Tuesday Blitz June 6 Late 2023"]
[White "Domingo Nunez, Ruben"]
[Black "Mikhalsky, Vladimir"]
[WhiteFideId "22245570"]
[BlackFideId "14144352"]
[WhiteElo "2404"]
[BlackElo "2236"]
[Result "1-0"]
[Round "2"]
[TimeControl "180+2"]
[Date "2023.06.07"]
[WhiteClock "0:00:09"]
[BlackClock "0:00:09"]
[Board "120"]

1. b3 e5 2. Bb2 Nc6 3. e3 Nf6 4. Bb5 d6 5. d4 exd4 6. Qxd4 Bd7 7. Bxc6 Bxc6 8. Nf3 Qd7 9. Nc3 a6 10. O-O-O O-O-O 11. Qa7 Qf5 12. Nd4 Qxf2 13. Nxc6 bxc6 14. Na4 Re8 15. Qxa6+ Kb8 16. Qxc6 Qxe3+ 17. Kb1 Qe4 18. Qb5+ Qb7 19. Qc4 d5 20. Qd3 Ne4 21. Rhf1 f6 22. Qxd5 Qxd5 23. Rxd5 Bd6 24. g3 Ng5 25. Rb5+ Kc8 26. Rd1 Re2 27. Bc1 Nf3 28. Nb6+ Kd8 29. Nc4 Kd7 30. Ba3 Kc6 31. Nxd6 cxd6 32. Rxd6+ Kxb5 33. c4+ Ka5 34. b4+ Ka4 35. Ra6# 1-0


[Site "https://www.chess.com"]

[Event "Titled Tuesday Blitz June 6 Late 2023"]
[White "Ai, Evan"]
[Black "Domingo Nunez, Alejandro"]
[WhiteFideId "2094770"]
[BlackFideId "22245561"]
[WhiteElo "1963"]
[BlackElo "2291"]
[Result "0-1"]
[Round "2"]
[TimeControl "180+2"]
[Date "2023.06.07"]
[WhiteClock "0:00:05"]
[BlackClock "0:00:33"]
[Board "121"]

1. e4 g6 2. d4 Bg7 3. Nc3 c6 4. Be3 d5 5. f3 dxe4 6. fxe4 e5 7. d5 Nf6 8. Nf3 O-O 9. Bc4 b5 10. Bb3 b4 11. Na4 Nxe4 12. dxc6 Qc7 13. Bd5 Nf6 14. c4 Nxc6 15. Bc5 Re8 16. Ng5 Nxd5 17. cxd5 Nd4 18. O-O Bf5 19. Rc1 Qd7 20. d6 Rac8 21. Rc4 h6 22. Nf3 Bg4 23. Rxb4 Bxf3 24. gxf3 Qf5 25. Bxd4 exd4 26. Rb7 Rc2 27. Kh1 Ree2 0-1


[Site "https://www.chess.com"]

[Event "Titled Tuesday Blitz June 6 Late 2023"]
[White "Chabris, Christopher"]
[Black "Di Berardino, Diego Rafael"]
[WhiteFideId "2005263"]
[BlackFideId "2105446"]
[WhiteElo "2380"]
[BlackElo "2426"]
[Result "1-0"]
[Round "2"]
[TimeControl "180+2"]
[Date "2023.06.07"]
[WhiteClock "0:00:15"]
[BlackClock "0:00:03"]
[Board "122"]

1. e4 Nf6 2. e5 Nd5 3. d4 d6 4. Nf3 dxe5 5. Nxe5 c6 6. Bc4 Bf5 7. c3 e6 8. O-O Nd7 9. Nf3 Be7 10. Re1 O-O 11. Nbd2 N5b6 12. Bb3 c5 13. a4 Bg6 14. a5 Nc8 15. a6 b6 16. d5 exd5 17. Bxd5 Rb8 18. Nc4 Nd6 19. Bf4 Nxc4 20. Bxb8 Nxb2 21. Qe2 Qxb8 22. Qxe7 Nf6 23. c4 Nd3 24. Re3 Nb4 25. Rd1 Nxa6 26. Ne5 Nb4 27. Bxf7+ Bxf7 28. Nxf7 Qf4 29. Rd8 Nd7 30. Rxd7 Nc6 31. Qe6 Nd4 32. Rxd4 1-0


[Site "https://www.chess.com"]

[Event "Titled Tuesday Blitz June 6 Late 2023"]
[White "Mendez Fortes, Eduardo Jesus"]
[Black "Smiechu"]
[WhiteFideId "3502376"]
[WhiteElo "2307"]
[BlackElo "2379"]
[Result "1-0"]
[Round "2"]
[TimeControl "180+2"]
[Date "2023.06.07"]
[WhiteClock "0:00:58"]
[BlackClock "0:00:33"]
[Board "123"]

1. e4 c5 2. Nf3 g6 3. d4 cxd4 4. Nxd4 Nc6 5. c4 Nf6 6. Nc3 Nxd4 7. Qxd4 d6 8. Be2 Bg7 9. Be3 O-O 10. Qd2 a5 11. O-O a4 12. Rad1 Qa5 13. Bd4 Be6 14. f4 Rfc8 15. b3 axb3 16. axb3 Qb4 17. f5 Bd7 18. Bxf6 Bxf6 19. Nd5 Qxb3 20. Nxf6+ exf6 21. Qxd6 Bc6 22. fxg6 hxg6 23. Qxf6 Qb6+ 24. Kh1 Qc7 25. Rd3 Bxe4 26. Rh3 Bxg2+ 27. Kxg2 Qc6+ 28. Rhf3 Qxf6 29. Rxf6 Ra2 30. R6f2 f5 31. Bf3 Rxf2+ 32. Rxf2 Rc7 33. Rb2 Kf8 34. Bd5 1-0


[Site "https://www.chess.com"]

[Event "Titled Tuesday Blitz June 6 Late 2023"]
[White "Rama, Tejas"]
[Black "reevecanada"]
[WhiteFideId "30907381"]
[WhiteElo "2089"]
[BlackElo "2586"]
[Result "0-1"]
[Round "2"]
[TimeControl "180+2"]
[Date "2023.06.07"]
[WhiteClock "0:00:12"]
[BlackClock "0:01:15"]
[Board "124"]

1. d4 d5 2. c4 c6 3. Nc3 Nf6 4. e3 e6 5. Nf3 Bd6 6. Be2 O-O 7. O-O Nbd7 8. b3 Qe7 9. Bb2 b6 10. Bd3 Bb7 11. Re1 c5 12. cxd5 exd5 13. Rc1 Rfe8 14. Re2 a6 15. Rec2 Ne4 16. Ne2 Ndf6 17. Ng3 g6 18. Ne5 Nxg3 19. hxg3 Nd7 20. Nxd7 Qxd7 21. dxc5 bxc5 22. Ba1 Rac8 23. Rd2 Be5 24. Rcc2 h5 25. Bxe5 Rxe5 26. Qa1 Qe7 27. Be2 Rf5 28. Qf1 h4 29. Bg4 Re5 30. Bxc8 Bxc8 31. g4 Bxg4 32. Qxa6 h3 33. Qa8+ Kg7 34. Rxd5 Bf5 35. Rcxc5 Rxe3 36. Rxf5 Re1+ 37. Kh2 hxg2 38. Qxg2 Qh4+ 39. Qh3 Rh1+ 40. Kxh1 Qxh3+ 0-1


[Site "https://www.chess.com"]

[Event "Titled Tuesday Blitz June 6 Late 2023"]
[White "Makaraci, Tunahan"]
[Black "Mazurkiewicz, Michal"]
[WhiteFideId "6356559"]
[BlackFideId "1124943"]
[WhiteElo "2160"]
[BlackElo "2063"]
[Result "1-0"]
[Round "2"]
[TimeControl "180+2"]
[Date "2023.06.07"]
[WhiteClock "0:00:07"]
[BlackClock "0:00:04"]
[Board "125"]

1. e4 d6 2. d4 Nf6 3. Nc3 c6 4. a4 e5 5. Nge2 Be7 6. g3 O-O 7. Bg2 Nbd7 8. O-O Qc7 9. h3 b6 10. Be3 Bb7 11. g4 a6 12. Ng3 Rfe8 13. Nf5 Nf8 14. f4 Ng6 15. g5 Nd7 16. Nxe7+ Nxe7 17. f5 f6 18. g6 hxg6 19. fxg6 Nxg6 20. Qh5 Ndf8 21. Rf3 b5 22. Rg3 Qf7 23. axb5 axb5 24. Rf1 b4 25. Ne2 Ra2 26. Bc1 Ba6 27. h4 exd4 28. Rd1 Ne5 29. Qxf7+ Kxf7 30. Nxd4 Ra1 31. Nf5 Ne6 32. Nxd6+ Kf8 33. Nxe8 Kxe8 34. Bh3 Nf4 35. Bf1 Ne2+ 36. Bxe2 Bxe2 37. Re1 Nf3+ 38. Rxf3 Bxf3 39. Kf2 Bg4 40. e5 f5 41. Kg3 Rb1 42. b3 Kf7 43. Kf4 Ke6 44. Rg1 Ra1 45. Re1 Ra2 46. Bd2 Rxc2 47. Bxb4 Rb2 48. Re3 Rf2+ 49. Kg5 Rf3 50. Re1 Rxb3 51. Bd6 c5 52. Rc1 Rb5 53. Ra1 c4 54. Ra7 Kd5 55. Rxg7 Rb6 56. Rc7 Rc6 57. Rxc6 Kxc6 58. h5 Bxh5 59. Kxh5 c3 60. Kg5 Kd5 61. Kf4 c2 62. Ba3 Ke6 63. Bc1 Kf7 64. Kxf5 Ke7 65. e6 Kf8 66. Kf6 Ke8 67. e7 Kd7 68. Kf7 1-0


[Site "https://www.chess.com"]

[Event "Titled Tuesday Blitz June 6 Late 2023"]
[White "Stachanczyk, Jacek"]
[Black "OPQRC"]
[WhiteFideId "1116657"]
[WhiteElo "2084"]
[BlackElo "2571"]
[Result "0-1"]
[Round "2"]
[TimeControl "180+2"]
[Date "2023.06.07"]
[WhiteClock "0:00:15"]
[BlackClock "0:00:15"]
[Board "126"]

1. e4 c5 2. Nf3 e6 3. d4 cxd4 4. Nxd4 Nf6 5. Nc3 Nc6 6. Ndb5 Bb4 7. a3 Bxc3+ 8. Nxc3 d5 9. exd5 exd5 10. Bd3 O-O 11. O-O h6 12. Bf4 Re8 13. Re1 Bg4 14. Qd2 Qd7 15. Rxe8+ Rxe8 16. Re1 Rxe1+ 17. Qxe1 Bf5 18. Qd2 Bxd3 19. Qxd3 Qe6 20. Kf1 d4 21. Nd1 Nd5 22. Bd2 Qg4 23. Qe2 Qg6 24. Qd3 Qh5 25. Qe2 Qxh2 26. Qe8+ Kh7 27. Qe4+ Kg8 28. Qxd5 h5 29. Ke2 h4 30. c3 Qh1 31. Qf3 Ne5 32. Qe4 h3 33. Qxe5 hxg2 34. Qe8+ Kh7 35. Qe4+ g6 36. Qf3 g1=N+ 0-1


[Site "https://www.chess.com"]

[Event "Titled Tuesday Blitz June 6 Late 2023"]
[White "Fiorito, Francisco"]
[Black "Manon-og, Ramon Jr."]
[WhiteFideId "180165"]
[BlackFideId "5200776"]
[WhiteElo "2319"]
[BlackElo "2368"]
[Result "1-0"]
[Round "2"]
[TimeControl "180+2"]
[Date "2023.06.07"]
[WhiteClock "0:02:10"]
[BlackClock "0:00:04"]
[Board "127"]

1. e4 e5 2. Nf3 Nc6 3. Bb5 a6 4. Ba4 Bd6 5. O-O Nf6 6. Re1 O-O 7. d4 b5 8. Bb3 Ng4 9. h3 Nf6 10. c3 b4 11. Bg5 bxc3 12. bxc3 Be7 13. dxe5 Nh5 14. Be3 d5 15. Bxd5 Bd7 16. g4 Nf6 17. exf6 Bxf6 18. e5 Be7 19. Nbd2 Rb8 20. Ne4 Rb5 21. c4 Rxd5 22. cxd5 Nb4 23. a3 Nxd5 24. Qxd5 1-0


[Site "https://www.chess.com"]

[Event "Titled Tuesday Blitz June 6 Late 2023"]
[White "Panesso Rivera, Henry"]
[Black "sebastianmarinp"]
[WhiteFideId "4402707"]
[WhiteElo "2390"]
[BlackElo "2367"]
[Result "1-0"]
[Round "2"]
[TimeControl "180+2"]
[Date "2023.06.07"]
[WhiteClock "0:00:41"]
[BlackClock "0:00:18"]
[Board "128"]

1. d4 Nf6 2. c4 e6 3. Nf3 Bb4+ 4. Bd2 a5 5. a3 Bxd2+ 6. Qxd2 O-O 7. Nc3 d6 8. e4 Re8 9. O-O-O Qe7 10. e5 Nfd7 11. Qf4 Nc6 12. Bd3 dxe5 13. dxe5 Nc5 14. Bc2 a4 15. Ne4 Na5 16. Nf6+ gxf6 17. exf6 Nab3+ 18. Kb1 Qf8 19. Qg4+ Kh8 20. Qh5 Qg8 21. Ng5 Rf8 22. Bxh7 1-0


[Site "https://www.chess.com"]

[Event "Titled Tuesday Blitz June 6 Late 2023"]
[White "Keleberda, Tymur"]
[Black "Prydun, Andriy"]
[WhiteFideId "14174294"]
[BlackFideId "14145898"]
[WhiteElo "2198"]
[BlackElo "2164"]
[Result "1-0"]
[Round "2"]
[TimeControl "180+2"]
[Date "2023.06.07"]
[WhiteClock "0:00:56"]
[BlackClock "0:00:09"]
[Board "129"]

1. e4 c5 2. Nf3 d6 3. d4 cxd4 4. Nxd4 Nf6 5. Nc3 g6 6. h3 Bg7 7. g4 Na6 8. Bg2 Nc7 9. O-O Bd7 10. Be3 e5 11. Nde2 Bc6 12. f4 Qe7 13. f5 gxf5 14. Rxf5 O-O-O 15. Bg5 Qe6 16. Qf1 Nd7 17. Bxd8 Rxd8 18. Nd5 Bh6 19. Nec3 Qg6 20. Ne7+ 1-0


[Site "https://www.chess.com"]

[Event "Titled Tuesday Blitz June 6 Late 2023"]
[White "Golubev, Mikhail"]
[Black "Shapiro, Daniel"]
[WhiteFideId "14100983"]
[BlackFideId "2001780"]
[WhiteElo "2374"]
[BlackElo "2362"]
[Result "1-0"]
[Round "2"]
[TimeControl "180+2"]
[Date "2023.06.07"]
[WhiteClock "0:00:09"]
[BlackClock "0:00:01"]
[Board "130"]

1. e4 e5 2. Nf3 Nc6 3. Bc4 Be7 4. d4 d6 5. Nc3 Nf6 6. O-O Bg4 7. dxe5 dxe5 8. Be3 a6 9. h3 Bh5 10. Be2 Bg6 11. Nh4 Bxe4 12. Nxe4 Nxe4 13. Nf5 Qxd1 14. Raxd1 Bf6 15. Bf3 Nd6 16. Nxd6+ cxd6 17. Rxd6 Rc8 18. Bxc6+ Rxc6 19. Rxc6 bxc6 20. Rd1 O-O 21. b3 h6 22. Kf1 Rc8 23. Ke2 Kf8 24. Rd7 Rd8 25. Ra7 Rc8 26. Bc5+ Ke8 27. Rxa6 Kd7 28. a4 Ke6 29. c4 e4 30. Rb6 Be5 31. Rb7 f5 32. f3 exf3+ 33. gxf3 g5 34. b4 Bc3 35. a5 Rd8 36. a6 Rd2+ 37. Kf1 Ra2 38. a7 f4 39. Rb8 Bxb4 40. Rxb4 1-0


[Site "https://www.chess.com"]

[Event "Titled Tuesday Blitz June 6 Late 2023"]
[White "Reprintsev, Alexander"]
[Black "Vaglio Munoz, Jaime"]
[WhiteFideId "14100541"]
[BlackFideId "6500145"]
[WhiteElo "2229"]
[BlackElo "2199"]
[Result "0-1"]
[Round "2"]
[TimeControl "180+2"]
[Date "2023.06.07"]
[WhiteClock "0:00:44"]
[BlackClock "0:00:26"]
[Board "131"]

1. e4 c5 2. b3 Qa5 3. Nf3 a6 4. Bb2 b5 5. a4 b4 6. d4 cxd4 7. Nxd4 Bb7 8. Nd2 Nf6 9. Nc4 Qc7 10. e5 Nd5 11. Be2 Nc6 12. Nf5 Nf4 13. Bf3 Ne6 14. O-O g6 15. Nfd6+ exd6 16. exd6 Qd8 17. Bxh8 f6 18. Re1 Kf7 19. Bd5 Bh6 20. Bxf6 Qxf6 21. Bxe6+ dxe6 22. d7 Bf4 23. Nd6+ Bxd6 24. Qxd6 Rd8 25. Rad1 e5 26. Qc7 Ba8 27. Rd6 Qe7 28. Rxc6 Bxc6 29. Qxc6 Rxd7 30. Qxa6 Rd2 31. Qc4+ Kg7 32. h3 Qf6 33. Qc7+ Kh6 34. Qxe5 Qxf2+ 35. Kh1 Qxg2# 0-1


[Site "https://www.chess.com"]

[Event "Titled Tuesday Blitz June 6 Late 2023"]
[White "Arun, Siddharth"]
[Black "MKlose11"]
[WhiteFideId "2079178"]
[WhiteElo "2353"]
[BlackElo "2529"]
[Result "0-1"]
[Round "2"]
[TimeControl "180+2"]
[Date "2023.06.07"]
[WhiteClock "0:00:14"]
[BlackClock "0:00:27"]
[Board "132"]

1. d4 Nf6 2. Nc3 c5 3. d5 d6 4. e4 g6 5. Bg5 Bg7 6. Qd2 Na6 7. f3 Nc7 8. Bh6 Bxh6 9. Qxh6 Bd7 10. a4 b6 11. Nb5 a6 12. Nxc7+ Qxc7 13. Nh3 Qb7 14. Be2 Bxh3 15. Qxh3 O-O 16. O-O b5 17. b3 Rfc8 18. Rfb1 Qb6 19. c4 bxc4 20. Bxc4 Rcb8 21. Re1 Qc7 22. f4 Nd7 23. e5 Nb6 24. e6 f5 25. g4 fxg4 26. Qxg4 Nxc4 27. bxc4 Rf8 28. Re3 Qa5 29. Rg3 Rf6 30. Rf1 Raf8 31. f5 Qd2 32. Rff3 Qd1+ 33. Kg2 Qc2+ 34. Rf2 Qxa4 35. Rgf3 Qd1 36. h4 Rxf5 0-1


[Site "https://www.chess.com"]

[Event "Titled Tuesday Blitz June 6 Late 2023"]
[White "Bogaudinov, Rushan"]
[Black "Martinez Reyes, Pedro Ramon"]
[WhiteFideId "4129288"]
[BlackFideId "3901807"]
[WhiteElo "1967"]
[BlackElo "2340"]
[Result "0-1"]
[Round "2"]
[TimeControl "180+2"]
[Date "2023.06.07"]
[WhiteClock "0:00:13"]
[BlackClock "0:01:16"]
[Board "133"]

1. d4 d5 2. c4 e5 3. dxe5 d4 4. Nf3 Nc6 5. e3 Bb4+ 6. Bd2 dxe3 7. fxe3 Nge7 8. Bxb4 Qxd1+ 9. Kxd1 Nxb4 10. Nc3 Bf5 11. e4 O-O-O+ 12. Kc1 Bg6 13. a3 Nbc6 14. Be2 Nd4 15. Nxd4 Rxd4 16. Bf3 Rxc4 17. h4 h5 18. Kd2 Nc6 19. Ke3 Nxe5 20. Rad1 c6 21. Rd2 Rd8 22. Rxd8+ Kxd8 23. Rd1+ Kc7 24. Kf4 f6 25. Be2 Rc5 26. Ke3 b6 27. Rd4 Nd7 28. g4 Re5 29. Kf4 Nc5 30. Ke3 hxg4 31. Bxg4 f5 32. Bf3 Nxe4 33. Nxe4 fxe4 34. Bg4 Rd5 35. h5 Bh7 36. Be6 Rxd4 37. Kxd4 Kd6 38. Bf7 c5+ 39. Ke3 Ke5 40. b4 cxb4 41. axb4 a5 42. bxa5 bxa5 43. Be8 Bf5 44. Ba4 Kd5 45. Kf4 Bh7 46. Ke3 Kc4 47. Bd1 Kb4 48. Kd4 a4 49. Bc2 a3 50. Bb1 e3 51. Ba2 e2 0-1


[Site "https://www.chess.com"]

[Event "Titled Tuesday Blitz June 6 Late 2023"]
[White "Graif, William"]
[Black "Prieto Aranguren, Alain"]
[WhiteFideId "2609835"]
[BlackFideId "2268906"]
[WhiteElo "2201"]
[BlackElo "2209"]
[Result "0-1"]
[Round "2"]
[TimeControl "180+2"]
[Date "2023.06.07"]
[WhiteClock "0:00:18"]
[BlackClock "0:00:35"]
[Board "134"]

1. e4 c6 2. d4 d5 3. Nc3 dxe4 4. Bc4 Nf6 5. f3 Bf5 6. g4 Bg6 7. g5 Nd5 8. Nxe4 e6 9. Ne2 Be7 10. h4 Nd7 11. Bb3 a5 12. c4 N5b6 13. c5 Nd5 14. Nf4 Qc7 15. Nxd5 exd5 16. Nf2 O-O-O 17. Be3 Rde8 18. Qd2 Qg3 19. O-O-O Qxf3 20. h5 Bf5 21. Rde1 Bd8 22. Bd1 Qg3 23. Bf4 Qg2 24. Qxa5 Bxa5 0-1


[Site "https://www.chess.com"]

[Event "Titled Tuesday Blitz June 6 Late 2023"]
[White "Campos, Maria Jose"]
[Black "Janaszak, Dawid"]
[WhiteFideId "146803"]
[BlackFideId "1119206"]
[WhiteElo "2170"]
[BlackElo "2220"]
[Result "0-1"]
[Round "2"]
[TimeControl "180+2"]
[Date "2023.06.07"]
[WhiteClock "0:00:08"]
[BlackClock "0:00:17"]
[Board "135"]

1. c4 e6 2. g3 d5 3. Nf3 Nf6 4. Bg2 c5 5. O-O Nc6 6. b3 Be7 7. e3 O-O 8. Bb2 d4 9. exd4 cxd4 10. Re1 a5 11. Ne5 Nxe5 12. Rxe5 Bd6 13. Rb5 e5 14. Bxb7 Rb8 15. Bg2 Rxb5 16. cxb5 Bg4 17. Qc2 e4 18. Bxd4 Bxg3 19. hxg3 Qxd4 20. Nc3 Bf3 21. Re1 Ng4 22. Rf1 Ne5 23. Nxe4 Be2 24. Re1 Bxb5 25. Ng5 Nd3 26. Re3 h6 27. Nf3 Qa1+ 28. Kh2 Nxf2 29. Qc5 Ng4+ 30. Kh3 Nxe3 31. dxe3 Bd7+ 32. g4 Qxa2 33. Ne5 Be6 34. Nc6 Qxb3 35. Kg3 Re8 36. Ne5 a4 37. Be4 a3 38. Bc2 Qd5 39. Qc3 a2 40. g5 Ra8 41. gxh6 a1=Q 42. h7+ Kh8 43. Nxf7+ Bxf7 44. Qd3 Qg1+ 45. Kf4 Qf2+ 46. Kg4 Be6+ 0-1


[Site "https://www.chess.com"]

[Event "Titled Tuesday Blitz June 6 Late 2023"]
[White "Kaganskiy, Gleb"]
[Black "Liu, Casper"]
[WhiteFideId "4132025"]
[BlackFideId "1454153"]
[WhiteElo "2165"]
[BlackElo "2221"]
[Result "0-1"]
[Round "2"]
[TimeControl "180+2"]
[Date "2023.06.07"]
[WhiteClock "0:00:50"]
[BlackClock "0:01:14"]
[Board "136"]

1. e4 e5 2. Nf3 Nc6 3. Bb5 a6 4. Ba4 Nf6 5. Nc3 b5 6. Bb3 d6 7. d3 Na5 8. O-O Nxb3 9. axb3 Bb7 10. Bg5 Be7 11. Bxf6 Bxf6 12. Nd5 Bxd5 13. exd5 O-O 14. Re1 Qd7 15. d4 exd4 16. Nxd4 g6 17. c3 Kg7 18. b4 Rfe8 19. Rxe8 Rxe8 20. Nc6 Qf5 21. g3 h5 22. Rxa6 h4 23. Ra1 hxg3 24. hxg3 Qe4 25. Ra7 Rh8 26. f3 Qf5 27. g4 Qf4 28. Qe2 Qc1+ 29. Kg2 Qh1+ 30. Kf2 Rh2+ 0-1


[Site "https://www.chess.com"]

[Event "Titled Tuesday Blitz June 6 Late 2023"]
[White "SergioMoralesG"]
[Black "Gerbelli Neto, Eduardo"]
[BlackFideId "2103281"]
[WhiteElo "2513"]
[BlackElo "2178"]
[Result "0-1"]
[Round "2"]
[TimeControl "180+2"]
[Date "2023.06.07"]
[WhiteClock "0:00:01"]
[BlackClock "0:00:26"]
[Board "137"]

1. e4 e5 2. Nf3 Nc6 3. Bb5 a6 4. Ba4 Nf6 5. O-O Be7 6. Re1 b5 7. Bb3 O-O 8. a4 Rb8 9. axb5 axb5 10. d4 Nxd4 11. Nxd4 exd4 12. e5 Ne8 13. Qxd4 c5 14. Qe3 c4 15. Ba2 d5 16. exd6 Bxd6 17. b3 Qf6 18. Nc3 b4 19. Bb2 bxc3 20. Bxc3 Qg6 21. bxc4 Nf6 22. c5 Bc7 23. h3 Bb7 24. f3 Qg3 25. Be5 Bxe5 26. Qxe5 Qxe5 27. Rxe5 Rfc8 28. Rd1 Bc6 29. Rd6 Kf8 30. Bb3 Rb7 31. Kf2 Re7 32. Rxe7 Kxe7 33. g4 Nd7 34. Rd4 Nxc5 35. Bc4 Ne6 36. Rd2 Bd7 37. Bb3 Nc5 38. Ke3 Nxb3 39. cxb3 Rc3+ 40. Kf4 Rxb3 41. Re2+ Be6 42. Ke4 Kf6 43. f4 g6 44. g5+ Ke7 45. h4 Rh3 46. Ra2 Rxh4 47. Ra7+ Kf8 48. Ke5 Kg7 49. Ra6 Rh1 50. Ra7 Re1+ 51. Kd4 h5 52. gxh6+ Kxh6 53. Ra8 Kh5 54. Kd3 Kg4 55. Kd2 Re4 56. Kd3 Rxf4 57. Ke3 g5 58. Rg8 f5 59. Rg7 Bd5 60. Rg6 Be4 61. Ke2 Rf3 62. Rg8 Kf4 63. Rg7 g4 64. Rg8 Kg3 65. Rg7 Rf2+ 66. Ke3 Bd5 67. Rg8 f4+ 68. Kd4 Bg2 69. Rg7 Re2 0-1


[Site "https://www.chess.com"]

[Event "Titled Tuesday Blitz June 6 Late 2023"]
[White "Mayeregger, Arnold"]
[Black "Olsson, William"]
[WhiteFideId "3705226"]
[BlackFideId "1741721"]
[WhiteElo "2038"]
[BlackElo "2197"]
[Result "0-1"]
[Round "2"]
[TimeControl "180+2"]
[Date "2023.06.07"]
[WhiteClock "0:01:12"]
[BlackClock "0:01:33"]
[Board "138"]

1. e4 c5 2. Nf3 d6 3. d4 cxd4 4. Nxd4 Nf6 5. Nc3 g6 6. g3 Bg7 7. Bg2 O-O 8. O-O Nc6 9. Nde2 Be6 10. h3 Rc8 11. Rb1 a6 12. b3 b5 13. Nf4 Nb4 14. Bb2 Nd7 15. Qd2 Nxc2 16. Qxc2 b4 17. Nxe6 fxe6 18. Qd3 bxc3 19. Ba3 Qa5 20. Bc1 c2 21. Rb2 Ne5 22. Qe2 Qc3 23. a4 Nd3 24. Ra2 Qxb3 25. Ra3 Nxc1 0-1


[Site "https://www.chess.com"]